3L
ATHLETIC CLUB KC @ PANAMA CITY PIRANHAS
09/16/2037
 
TOP OF THE 1ST
Athletic Club KC batting - Pitching for Panama City Piranhas : RHP Quentin Bowers
Pitching: RHP Quentin Bowers
Batting: LHB Wu-shun Chu 0-0: Ball
1-0: Foul Ball, location: 2F
1-1: Swinging Strike
1-2: Ball
2-2: Ball
3-2: SINGLE (Groundball, 6D, EV 96.2 MPH)
Batting: LHB Onye Mahusay 0-0: Ball
1-0: Called Strike
1-1: Foul Ball, location: 2F
1-2: Ball
2-2: Fielders Choice at 2nd, 5-4 (Groundball, 56S, EV 80.6 MPH)
Batting: RHB Jesús Vargas 0-0: Ball
1-0: Called Strike
Onye Mahusay steals 2nd base
1-1: Called Strike
Onye Mahusay steals 3rd base
1-2: Ball
2-2: Fly out, F8 (Flyball, 8RD, EV 81.9 MPH)
Runner from 3rd tags up, SCORES, throw by CF
Batting: SHB Shun Komatsu 0-0: Ball
1-0: SINGLE (Line Drive, 56D, EV 102.5 MPH)
Batting: RHB Roger Caffyn 0-0: Ball
1-0: Called Strike
1-1: Foul Ball, location: 2F
1-2: Foul Ball, location: 2F
1-2: Foul Ball, location: 2F
1-2: Foul Ball, location: 2F
1-2: Foul Ball, location: 2F
1-2: Ball
2-2: Ground out 4-3 (Groundball, 4MS, EV 86.9 MPH)
Top of the 1st over - 1 run, 2 hits, 0 errors, 1 left on base; Athletic Club KC 1 - Panama City 0
BOTTOM OF THE 1ST
Panama City Piranhas batting - Pitching for Athletic Club KC : LHP Mike Truk
Pitching: LHP Mike Truk
Batting: RHB Silvio Bonauiti 0-0: Ball
1-0: Ball
2-0: Ball
3-0: Called Strike
3-1: Base on Balls
Batting: RHB Quindarious Monday 0-0: Ball
1-0: Ball
2-0: Called Strike
2-1: Fly out, F8 (Flyball, 89XD, EV 104.4 MPH)
Batting: RHB Arturo Scantlebury 0-0: Ball
1-0: Called Strike
1-1: Ball
2-1: Swinging Strike
2-2: Fly out, F8 (Line Drive, 8RD, EV 88.8 MPH)
Batting: LHB Murray Sperber 0-0: Fly out, F9 (Flyball, 9S, EV 73.8 MPH)
Bottom of the 1st over - 0 runs, 0 hits, 0 errors, 1 left on base; Athletic Club KC 1 - Panama City 0
TOP OF THE 2ND
Athletic Club KC batting - Pitching for Panama City Piranhas : RHP Quentin Bowers
Batting: SHB Akihiko Fujii 0-0: Ball
1-0: SINGLE (Groundball, 6MD, EV 95.6 MPH)
Batting: LHB Gene Ricks 0-0: Ball
1-0: SINGLE (Groundball, 3, EV 77.5 MPH) (infield hit)
Akihiko Fujii to second
Batting: LHB Ramón Morterero 0-0: Ball
1-0: Called Strike
1-1: Foul Ball, location: 2F
1-2: Foul Ball, location: 2F
1-2: Ball
2-2: Foul Ball, location: 2F
2-2: Strikes out looking
Batting: RHB Colin Bottone 0-0: Ball
1-0: Ground out 4-3 (Groundball, 4S, EV 69.4 MPH)
Akihiko Fujii to third
Gene Ricks to second
Batting: LHB Wu-shun Chu 0-0: Ball
1-0: Ball
2-0: Swinging Strike
2-1: Swinging Strike
2-2: Foul Ball, location: 2F
2-2: Ball
3-2: Foul Ball, location: 2F
3-2: Ground out U3 (Groundball, 34, EV 88.8 MPH)
Top of the 2nd over - 0 runs, 2 hits, 0 errors, 2 left on base; Athletic Club KC 1 - Panama City 0
BOTTOM OF THE 2ND
Panama City Piranhas batting - Pitching for Athletic Club KC : LHP Mike Truk
Batting: RHB Petri Kallio 0-0: Called Strike
0-1: Swinging Strike
0-2: Ball
1-2: Ball
2-2: Ball
3-2: Base on Balls
Batting: RHB Craig Tricket 0-0: Fly out, F9 (Flyball, 9S, EV 89.4 MPH)
Batting: LHB DeMarvion Overshown 0-0: Called Strike
0-1: Ball
1-1: Ball
2-1: Ball
3-1: Fly out, F8 (Flyball, 8RM, EV 81.9 MPH)
Batting: SHB Tom Dickinson 0-0: Called Strike
0-1: Foul Ball, location: 2F
0-2: Ball
1-2: Ground out 6-3 (Groundball, 6MS, EV 83.1 MPH)
Bottom of the 2nd over - 0 runs, 0 hits, 0 errors, 1 left on base; Athletic Club KC 1 - Panama City 0
TOP OF THE 3RD
Athletic Club KC batting - Pitching for Panama City Piranhas : RHP Quentin Bowers
Batting: LHB Onye Mahusay 0-0: Ground out U3 (Groundball, 3, EV 79.4 MPH)
Batting: RHB Jesús Vargas 0-0: Ball
1-0: Swinging Strike
1-1: SOLO HOME RUN (Flyball, 78XD, EV 106.2 MPH), Distance : 400 ft
Batting: SHB Shun Komatsu 0-0: Ball
1-0: Foul Ball, location: 2F
1-1: Swinging Strike
1-2: Fly out, F8 (Line Drive, 8LD, EV 97.5 MPH)
Batting: RHB Roger Caffyn 0-0: Called Strike
0-1: Ball
1-1: Ball
2-1: Swinging Strike
2-2: Foul Ball, location: 2F
2-2: Ball
3-2: SINGLE (Line Drive, 9S, EV 90.6 MPH)
Batting: SHB Akihiko Fujii 0-0: Ball
1-0: DOUBLE (Line Drive, 7LM, EV 91.9 MPH)
Roger Caffyn to third
Runner from 3rd tries for Home, SAFE, throw by LF to trailing runner, SAFE at third!
Batting: LHB Gene Ricks 0-0: Swinging Strike
0-1: Ball
1-1: Foul Ball, location: 2F
1-2: Foul Ball, location: 2F
1-2: Foul Ball, location: 2F
1-2: Ground out 4-3 (Groundball, 4, EV 104.4 MPH)
Top of the 3rd over - 2 runs, 3 hits, 0 errors, 1 left on base; Athletic Club KC 3 - Panama City 0
BOTTOM OF THE 3RD
Panama City Piranhas batting - Pitching for Athletic Club KC : LHP Mike Truk
Batting: RHB Bruno Williams 0-0: Swinging Strike
0-1: Foul Ball, location: 2F
0-2: Ball
1-2: Foul Ball, location: 2F
1-2: Strikes out swinging
Batting: RHB Silvio Bonauiti 0-0: Fly out, F8 (Flyball, 8RS, EV 88.1 MPH)
Batting: RHB Quindarious Monday 0-0: Ball
1-0: Ball
2-0: Ball
3-0: Foul Ball, location: 2F
3-1: Foul Ball, location: 2F
3-2: Foul Ball, location: 2F
3-2: Base on Balls
Batting: RHB Arturo Scantlebury 0-0: Ground out 5-3 (Groundball, 56S, EV 83.1 MPH)
Bottom of the 3rd over - 0 runs, 0 hits, 0 errors, 1 left on base; Athletic Club KC 3 - Panama City 0
TOP OF THE 4TH
Athletic Club KC batting - Pitching for Panama City Piranhas : RHP Quentin Bowers
Batting: LHB Ramón Morterero 0-0: Called Strike
0-1: Ball
1-1: Foul Ball, location: 2F
1-2: Ball
2-2: Fly out, F8 (Flyball, 89S, EV 93.1 MPH)
Batting: RHB Colin Bottone 0-0: Foul Ball, location: 2F
0-1: Called Strike
0-2: Ground out 4-3 (Groundball, 4D, EV 95.0 MPH)
Batting: LHB Wu-shun Chu 0-0: Ball
1-0: Ball
2-0: Ground out 1-3 (Groundball, 13, EV 67.5 MPH)
Top of the 4th over - 0 runs, 0 hits, 0 errors, 0 left on base; Athletic Club KC 3 - Panama City 0
BOTTOM OF THE 4TH
Panama City Piranhas batting - Pitching for Athletic Club KC : LHP Mike Truk
Batting: LHB Murray Sperber 0-0: Called Strike
0-1: Foul Ball, location: 2F
0-2: Ball
1-2: Ball
2-2: Ball
3-2: Fly out, F7 (Flyball, 78S, EV 83.1 MPH)
Batting: RHB Petri Kallio 0-0: Foul Ball, location: 2F
0-1: Ball
1-1: Ball
2-1: Ground out 5-3 (Groundball, 5, EV 101.2 MPH)
Batting: RHB Craig Tricket 0-0: Called Strike
0-1: Swinging Strike
0-2: Foul Ball, location: 2F
0-2: Ball
1-2: Ball
2-2: Strikes out swinging
Bottom of the 4th over - 0 runs, 0 hits, 0 errors, 0 left on base; Athletic Club KC 3 - Panama City 0
TOP OF THE 5TH
Athletic Club KC batting - Pitching for Panama City Piranhas : RHP Quentin Bowers
Batting: LHB Onye Mahusay 0-0: Swinging Strike
0-1: DOUBLE (Groundball, 3L, EV 99.4 MPH)
Batting: RHB Jesús Vargas 0-0: Ball
1-0: Called Strike
1-1: Ball
2-1: 2-RUN HOME RUN (Flyball, 89XD, EV 95.0 MPH), Distance : 390 ft
Batting: SHB Shun Komatsu 0-0: Foul Ball, location: 2F
0-1: SINGLE (Groundball, 56D, EV 94.4 MPH)
Batting: RHB Roger Caffyn 0-0: Ball
1-0: Fielders Choice at 2nd, 1-4 (Groundball, P, EV 72.5 MPH)
Batting: SHB Akihiko Fujii 0-0: Ball
1-0: Foul Ball, location: 2F
1-1: Foul Ball, location: 2F
1-2: Ball
2-2: Foul Ball, location: 2F
2-2: Foul Ball, location: 2F
2-2: Fly out, F7 (Flyball, 7LSF, EV 76.9 MPH)
Batting: LHB Gene Ricks 0-0: Ball
Roger Caffyn steals 2nd base
1-0: Ground out 4-3 (Groundball, 4, EV 100.0 MPH)
Top of the 5th over - 2 runs, 3 hits, 0 errors, 1 left on base; Athletic Club KC 5 - Panama City 0
BOTTOM OF THE 5TH
Panama City Piranhas batting - Pitching for Athletic Club KC : LHP Mike Truk
Batting: LHB DeMarvion Overshown 0-0: Called Strike
0-1: Ball
1-1: Swinging Strike
1-2: Foul Ball, location: 2F
1-2: Foul Ball, location: 2F
1-2: Foul Ball, location: 2F
1-2: Strikes out swinging
Batting: SHB Tom Dickinson 0-0: Ball
1-0: Called Strike
1-1: Ball
2-1: Ground out 1-3 (Groundball, P, EV 82.5 MPH)
Batting: RHB Bruno Williams 0-0: Foul Ball, location: 2F
0-1: Ball
1-1: Ball
2-1: Foul Ball, location: 2F
2-2: Ball
3-2: Foul Ball, location: 2F
3-2: SINGLE (Groundball, 6MD, EV 104.4 MPH)
Batting: RHB Silvio Bonauiti 0-0: Called Strike
0-1: Called Strike
0-2: Ball
1-2: Foul Ball, location: 2F
1-2: Ball
2-2: Strikes out swinging
Bottom of the 5th over - 0 runs, 1 hit, 0 errors, 1 left on base; Athletic Club KC 5 - Panama City 0
TOP OF THE 6TH
Athletic Club KC batting - Pitching for Panama City Piranhas : RHP Quentin Bowers
Pitching: LHP Todd Serrano
Batting: LHB Ramón Morterero 0-0: Ground out 6-3 (Groundball, 6MS, EV 68.8 MPH)
Batting: RHB Colin Bottone 0-0: Foul Ball, location: 2F
0-1: Ball
1-1: Swinging Strike
1-2: Ball
2-2: SINGLE (Groundball, 6MD, EV 101.2 MPH)
Batting: LHB Wu-shun Chu 0-0: Ball
1-0: Foul Ball, location: 2F
1-1: Swinging Strike
1-2: Strikes out swinging
Batting: LHB Onye Mahusay 0-0: Called Strike
0-1: Ball
1-1: Foul Ball, location: 2F
1-2: Ball
2-2: Ball
3-2: Foul Ball, location: 2F
3-2: Foul Ball, location: 2F
3-2: Ground out 5-3 (Groundball, 56, EV 80.0 MPH)
Top of the 6th over - 0 runs, 1 hit, 0 errors, 1 left on base; Athletic Club KC 5 - Panama City 0
BOTTOM OF THE 6TH
Panama City Piranhas batting - Pitching for Athletic Club KC : LHP Mike Truk
Batting: RHB Quindarious Monday 0-0: Ball
1-0: Called Strike
1-1: Called Strike
1-2: Foul Ball, location: 2F
1-2: Fly out, F9 (Line Drive, 9D, EV 88.8 MPH)
Batting: RHB Arturo Scantlebury 0-0: Ball
1-0: Ball
2-0: Called Strike
2-1: Ball
3-1: Fly out, F7 (Flyball, 7LSF, EV 93.8 MPH)
Batting: LHB Murray Sperber 0-0: Ground out 5-3 (Groundball, 5, EV 104.4 MPH)
Bottom of the 6th over - 0 runs, 0 hits, 0 errors, 0 left on base; Athletic Club KC 5 - Panama City 0
TOP OF THE 7TH
Athletic Club KC batting - Pitching for Panama City Piranhas : LHP Todd Serrano
Batting: RHB Jesús Vargas 0-0: Ball
1-0: Ground out U3 (Groundball, 3, EV 88.8 MPH)
Batting: SHB Shun Komatsu 0-0: Swinging Strike
0-1: Swinging Strike
0-2: Ball
1-2: Strikes out swinging
Batting: RHB Roger Caffyn 0-0: Foul Ball, location: 2F
0-1: Foul Ball, location: 2F
0-2: Ball
1-2: DOUBLE (Line Drive, 89D, EV 103.1 MPH)
Batting: SHB Akihiko Fujii 0-0: Swinging Strike
0-1: Ball
1-1: Ball
2-1: Ball
3-1: Base on Balls
Batting: LHB Gene Ricks 0-0: Swinging Strike
0-1: Foul Ball, location: 2F
0-2: Foul Ball, location: 2F
0-2: Ball
1-2: Ball
2-2: Ball
3-2: Foul Ball, location: 2F
3-2: Strikes out looking
Top of the 7th over - 0 runs, 1 hit, 0 errors, 2 left on base; Athletic Club KC 5 - Panama City 0
BOTTOM OF THE 7TH
Panama City Piranhas batting - Pitching for Athletic Club KC : LHP Mike Truk
Batting: RHB Petri Kallio 0-0: Foul Ball, location: 2F
0-1: Ball
1-1: Called Strike
1-2: Ball
2-2: Ball
3-2: Base on Balls
Batting: RHB Craig Tricket 0-0: Ball
1-0: Grounds into double play, 5-4-3 (Groundball, 5L, EV 110.6 MPH)
Batting: LHB DeMarvion Overshown 0-0: SINGLE (Line Drive, 6MD, EV 98.1 MPH)
Batting: SHB Tom Dickinson 0-0: Called Strike
0-1: Called Strike
0-2: Ball
Wild Pitch!
DeMarvion Overshown to second
1-2: Ball
2-2: Ball
3-2: Strikes out swinging
Bottom of the 7th over - 0 runs, 1 hit, 0 errors, 1 left on base; Athletic Club KC 5 - Panama City 0
TOP OF THE 8TH
Athletic Club KC batting - Pitching for Panama City Piranhas : LHP Todd Serrano
Batting: LHB Ramón Morterero 0-0: Ball
1-0: Swinging Strike
1-1: Ball
2-1: Ball
3-1: Base on Balls
Batting: RHB Colin Bottone 0-0: Ball
1-0: Called Strike
1-1: Fielders Choice at 2nd, 5-4 (Groundball, 5L, EV 81.2 MPH)
Pitching: RHP Jean-François Chapon
Batting: LHB Wu-shun Chu 0-0: Called Strike
0-1: SINGLE (Line Drive, 8RS, EV 99.4 MPH)
Colin Bottone to second
Batting: LHB Onye Mahusay 0-0: Called Strike
0-1: Called Strike
Colin Bottone steals 3rd base
Wu-shun Chu to second
0-2: Ball
1-2: Foul Ball, location: 2F
1-2: Fly out, F8 (Flyball, 89D, EV 95.6 MPH)
Runner from 3rd tags up, OUT at HOME! 8-2
Top of the 8th over - 0 runs, 1 hit, 0 errors, 1 left on base; Athletic Club KC 5 - Panama City 0
BOTTOM OF THE 8TH
Panama City Piranhas batting - Pitching for Athletic Club KC : LHP Mike Truk
Pitching: LHP Ricky McCauley
Batting: RHB Bruno Williams 0-0: Called Strike
0-1: Ball
1-1: Foul Ball, location: 2F
1-2: Foul Ball, location: 2F
1-2: Strikes out swinging
Batting: RHB Silvio Bonauiti 0-0: Ball
1-0: SINGLE (Groundball, 6MD, EV 106.2 MPH)
Batting: RHB Quindarious Monday 0-0: Called Strike
0-1: Called Strike
0-2: Ball
1-2: Fielders Choice at 2nd, 6-4 (Groundball, 6, EV 88.1 MPH)
Batting: RHB Arturo Scantlebury 0-0: Foul Ball, location: 2F
0-1: Foul Ball, location: 2F
0-2: Ball
1-2: Ball
2-2: Ball
3-2: Foul Ball, location: 2F
3-2: Ground out 4-3 (Groundball, 4, EV 78.1 MPH)
Bottom of the 8th over - 0 runs, 1 hit, 0 errors, 1 left on base; Athletic Club KC 5 - Panama City 0
TOP OF THE 9TH
Athletic Club KC batting - Pitching for Panama City Piranhas : RHP Jean-François Chapon
Batting: RHB Jesús Vargas 0-0: Swinging Strike
0-1: Ball
1-1: Ball
2-1: Ball
3-1: Foul Ball, location: 2F
3-2: Strikes out looking
Batting: SHB Shun Komatsu 0-0: Foul Ball, location: 2F
0-1: Ground out 6-3 (Groundball, 6, EV 85.6 MPH)
Batting: RHB Roger Caffyn 0-0: Foul Ball, location: 2F
0-1: Ball
1-1: Foul Ball, location: 2F
1-2: Ball
2-2: SINGLE (Line Drive, 4MD, EV 108.8 MPH)
Batting: SHB Akihiko Fujii 0-0: Called Strike
0-1: Fly out, F8 (Flyball, 8LD, EV 100.6 MPH)
Top of the 9th over - 0 runs, 1 hit, 0 errors, 1 left on base; Athletic Club KC 5 - Panama City 0
BOTTOM OF THE 9TH
Panama City Piranhas batting - Pitching for Athletic Club KC : LHP Ricky McCauley
Batting: LHB Murray Sperber 0-0: Called Strike
0-1: Swinging Strike
0-2: Ball
1-2: Fly out, F9 (Flyball, 9S, EV 97.5 MPH)
Batting: RHB Petri Kallio 0-0: Swinging Strike
0-1: Ball
1-1: Foul Ball, location: 2F
1-2: Ball
2-2: Foul Ball, location: 2F
2-2: Foul Ball, location: 2F
2-2: Foul Ball, location: 2F
2-2: Ball
3-2: Foul Ball, location: 2F
3-2: SOLO HOME RUN (Flyball, 7D, EV 95.6 MPH), Distance : 366 ft
Pitching: RHP Taalay Ibragimov
Batting: RHB Craig Tricket 0-0: Called Strike
0-1: Ball
1-1: Foul Ball, location: 2F
1-2: Foul Ball, location: 2F
1-2: Ball
2-2: Ball
3-2: Ground out 1-3 (Groundball, 13, EV 70.0 MPH)
Batting: LHB DeMarvion Overshown 0-0: Called Strike
0-1: Ball
1-1: Fly out, F7 (Flyball, 7, EV 91.9 MPH)
Bottom of the 9th over - 1 run, 1 hit, 0 errors, 0 left on base; Athletic Club KC 5 - Panama City 1
Thursday, January 23rd, 2020 - OOTP Baseball 20.8 Build 74